 Dungeon Crawl Stone Soup version 0.28-a0-1152-g9c71ebef14 (webtiles) character file.

Game seed: 3067201663744247505

1 spaghetti the Sneak (level 1, -1/20 HPs)
             Began as a Djinni Delver on Dec 14, 2021.
             Killed by divine providence
             ... invoked by an orc priest
              (12 damage)
             ... on level 6 of the Dungeon.
             The game lasted 00:00:53 (247 turns).

spaghetti the Sneak (Djinni Delver)                  Turns: 247, Time: 00:00:54

Health: -1/20      AC:  3    Str: 11    XL:     1   Next: 22%
Gold:   0          EV: 12    Int: 11    God:
                   SH:  0    Dex: 14

rFire   + + .      SeeInvis .   a - +0 falchion {long}
rCold   x . .      Faith    .   (no shield)
rNeg    . . .      Spirit   .   b - +0 leather armour
rPois   ∞          Reflect  .   (no helmet)
rElec   .          Harm     .   (no cloak)
rCorr   .          Rampage  .   (no gloves)
Will    .....                   (boots unavailable)
Stlth   ++........              (no amulet)
HPRegen 0.06/turn               (no ring)
MPRegen 0.00/turn               (no ring)

@: flying, hasted, very quick
A: sickness immunity, fire resistance 2, cold vulnerability 1, float, innate
caster, hp casting, extra vitality 1
a: no special abilities


You were on level 6 of the Dungeon.
You visited 1 branch of the dungeon, and saw 3 of its levels.


Innate Abilities, Weirdness & Mutations

You are immune to sickness and miasma.
You are immune to poison.
Your flesh is very heat resistant. (rF++)
You are vulnerable to cold. (rC-)
You float through the air rather than walking.
You learn spells naturally, not from books.
Your magical power is your life essence.
You have superior vitality. (+4 HP)


   Skills:
 - Level 3.0 Fighting
 - Level 1.7 Long Blades
 + Level 2.3 Dodging
 - Level 4.1 Stealth


You couldn't memorise any spells.
You didn't know any spells.
Your spell library was empty.

Inventory:

Hand Weapons
 a - a +0 falchion (weapon) {long}
Armour
 b - a +0 leather armour (worn)
Wands
 g - a wand of digging (1)

Dungeon Overview and Level Annotations

Branches:
Dungeon (7/15)
 Temple: D:4-7

Altars:

...... ......# .#
......# .# ......# .##
......# ..# ......#
#..## ......# #...#
......###########...##
................@....#
......#######.O.o....#
......# #....o...#
......# #........#
......# #######.>#####
......# #..oo....#
......# #........#
....$.# #........#
......# ####'#####


You could see an ogre, 3 orc priests and an orc.


Message History

There is an open door here.
You reach down and open the door.
Found an escape hatch in the floor.
Found a stone staircase leading down.
There is an open door here. 2 orcs and 3 orc priests come into view.
The orc priest shouts! x2
The orc priest begins to cast a cantrip, but forgets the words!
The orc priest miscasts a cantrip.
There is a stone staircase leading down here.
You fly downwards.
There is a stone staircase leading up here.
Unknown command.
Unknown command.
Unknown command.
A kobold comes into view. It is wielding a +0 dagger.
Found an escape hatch in the ceiling.
The kobold shouts!
You hear a shout!
A kobold comes into view. It is wielding a +0 short sword.
A kobold and an orc come into view.
The kobold shouts!
You hear a shout!
The kobold hits you with a +0 dagger.
The kobold moves out of view.
A kobold brigand comes into view.
It is wielding a +0 whip and quivering curare-tipped darts. 😕 HP[-1]
You take 1 damage, and now have 19/20 hp.
You closely miss the kobold. The kobold barely misses you.
You closely miss the kobold. The kobold barely misses you.
You closely miss the kobold. You barely miss the kobold.
The kobold hits you with a +0 dagger. The kobold barely misses you. 😕 HP[-1]
You take 1 damage, and now have 18/20 hp.
The orc shouts!
You hit the kobold. The kobold hits you but does no damage.
The kobold barely misses you. x2 😕 HP[+1]
You barely miss the kobold.
The kobold hits you with a +0 short sword.
The kobold barely misses you.
A kobold comes into view. It is wielding a +0 dagger. 😕 HP[-3]
You take 3 damage, and now have 16/20 hp.
You hit the kobold but do no damage. The kobold misses you.
The kobold closely misses you.
You closely miss the kobold. The kobold barely misses you.
The kobold hits you with a +0 dagger. 😮 HP[-3]
You take 3 damage, and now have 13/20 hp.
You are too injured to fight recklessly!
You are too injured to fight recklessly!
You are too injured to fight recklessly!
You are too injured to fight recklessly!
You are too injured to fight recklessly!
You are too injured to fight recklessly!
You are too injured to fight recklessly!
You are too injured to fight recklessly!
You are too injured to fight recklessly!
Unknown command.
There is an escape hatch in the ceiling here.
The kobold throws a stone.
The stone barely misses you. A mysterious force pulls you upwards.
The hatch slams shut behind you.
The orc priest shouts!
The orc shouts!
The adder hisses angrily.
The centaur shouts!
The orc shouts!
The ogre shouts!
The centaur wields a +0 shortbow.
The centaur shoots an arrow.
The arrow hits you.
* * * LOW HITPOINT WARNING * * *
The centaur shoots an arrow.
The arrow barely misses you.
Unknown command. 😨 HP[-4]
You take 4 damage, and now have 9/20 hp.
Unknown command.
Unknown command.
As you read the scroll of fear, it crumbles to dust.
You assume a fearsome visage.
The ogre looks frightened!
The ice beast looks frightened!
The orc looks frightened! x2
The orc priest looks frightened!
The orc looks frightened!
The adder looks frightened!
The centaur looks frightened!
The kobold looks frightened! x2
An orc comes into view. It is wielding a +0 hand axe.
An ogre comes into view. It is wielding a +0 giant club.
The orc priest gives up.
The ogre shouts! 😨 HP[+1]
Found a stone staircase leading up.
Okay, then.
Okay, then.
Aiming: Dig
Press: ? - help, Shift-Dir - straight line A rock wall.
The rock shatters into small pieces.
Okay, then.
You feel yourself speed up.
The orc shouts!
You hit the orc priest.
The orc priest begins to cast a cantrip, but forgets the words! 😮 HP[+1]
The orc priest barely misses you.
The orc priest calls down the wrath of Beogh upon you.
Beogh smites you!
Ouch! That really hurt!
You die...

Action                   || total
-------------------------++-------
Melee: Falchion          ||    12
Evoke: Wand              ||     2
  Use: Scroll            ||     3
       Potion            ||     1
Armor: Leather armour    ||     3
Dodge: Dodged            ||    14

Levels and vault maps discovered:
D:5:      layout_basic, amethyst_overflow_temple_binary, st_stairs_4
D:6:      layout_basic, elyvilon_altar_3, minmay_temple_entry_proselytizer,
          uniq_sigmund
D:7:      layout_basic, amcnicky_altar_gilded, serial_shops,
          kennysheep_little_box, uniq_crazy_yiuf_cottage, uniq_joseph

Notes
Turn   | Place    | Note
-------+----------+-------------------------------------------
     0 | D:5      | spaghetti the Djinni Delver began the quest for the Orb.
     0 | D:5      | Reached XP level 1. HP: 20/20 MP: 0/0
     0 | D:5      | magus.rc [v1.9.6]
   196 | D:6      | Noticed an orc priest
   196 | D:6      | Noticed an orc priest
   196 | D:6      | Noticed an orc priest
   209 | D:7      | Noticed a kobold brigand
   225 | D:6      | Noticed an ogre
   225 | D:6      | Noticed an ice beast
   225 | D:6      | Noticed an orc priest
   225 | D:6      | Noticed a centaur
   227 | D:6      | Noticed an ogre
   247 | D:6      | Killed from afar by an orc priest

Vanquished Creatures
  A quokka (D:6)
1 creature vanquished.

Table legend:
 A = Non-vault XP
 B = Vault XP
 C = Vault XP percentage of total XP
 D = Non-vault monster count
 E = Vault monster count
 F = Vault count percentage of total count
                 A         B        C        D         E       F
            +---------+---------+-------+---------+---------+-------
      Total |       2 |       0 |   0.0 |       1 |       0 |   0.0
            +---------+---------+-------+---------+---------+-------
        D:6 |       2 |       0 |   0.0 |       1 |       0 |   0.0
            +---------+---------+-------+---------+---------+-------

Illustrated notes

Table legend:
 A = Kills in this place as a percentage of kills in entire the game.
 B = Kills by you in this place as a percentage of kills by you in the entire game.
 C = Kills by friends in this place as a percentage of kills by friends in the entire game.
 D = Other kills in this place as a percentage of other kills in the entire game.
 E = Experience gained in this place as a percentage of experience gained in the entire game.
 F = Experience gained in this place divided by the number of levels of this place that you have seen.
                   A       B       C       D       E      F
               +-------+-------+-------+-------+-------+----------------------
         Total | 100.0 | 100.0 |   N/A |   N/A | 100.0 |   0.7
       Dungeon | 100.0 | 100.0 |   N/A |   N/A | 100.0 |   0.7
               +-------+-------+-------+-------+-------+----------------------

Table legend: (Time is in decaauts)
 A = Elapsed time spent in this place.
 B = Non-inter-level travel time spent in this place.
 C = Inter-level travel time spent in this place.
 D = Time resting spent in this place.
 E = Time spent auto-exploring this place.
 F = Levels seen in this place.
 G = Mean time per level.
                   A        B        C        D        E       F      G
               +--------+--------+--------+--------+--------+-----+--------+
         Total |    249 |    249 |      0 |    100 |     67 |   3 |   83.0 |
       Dungeon |    249 |    249 |      0 |    100 |     67 |   3 |   83.0 |
               +--------+--------+--------+--------+--------+-----+--------+

Top non-repeatable levels by time:
     D:6: 189 daAuts
     D:5: 32 daAuts
     D:7: 27 daAuts
